 Dungeon Crawl Stone Soup version 0.24.0-2-g5b39cebb1c (webtiles) character file.

Game seed: 16685427523454778348, levelgen mode: deterministic

355 Mrkan the Changer (level 6, -3/62 HPs)
             Began as an Ogre Transmuter on Oct 31, 2019.
             Killed by nerve-wracking pain
             ... invoked by an orc priest
              (8 damage)
             ... on level 4 of the Dungeon.
             The game lasted 00:09:12 (6240 turns).

Mrkan the Changer (Ogre Transmuter)                 Turns: 6240, Time: 00:09:12

Health: -3/62      AC:  3    Str: 15    XL:     6   Next: 63%
Magic:  12/12      EV: 10    Int: 16    God:
Gold:   197        SH:  0    Dex:  9    Spells: 10/13 levels left

rFire    . . .     SeeInvis .     - Unarmed
rCold    . . .     Gourm    .   (no shield)
rNeg     . . .     Faith    .   b - +0 robe
rPois    .         Spirit   .   (helmet restricted)
rElec    .         Reflect  .   (no cloak)
rCorr    .         Harm     .   (gloves unavailable)
MR       .....                  (boots unavailable)
Stlth    +.........             (no amulet)
HPRegen  0.20/turn              (no ring)
MPRegen  0.13/turn              (no ring)

@: no status effects
A: large, unfitting armour, tough skin 1
a: no special abilities


You were on level 4 of the Dungeon.
You were hungry.

You visited 1 branch of the dungeon, and saw 4 of its levels.

You collected 197 gold pieces.

Inventory:

Missiles
 a - 90 arrows
 p - 3 curare-tipped darts (quivered)
Armour
 b - a +0 robe (worn)
Jewellery
 i - an uncursed amulet of harm {unknown}
Scrolls
 c - 4 scrolls of teleportation {unknown}
 f - 8 scrolls of identify {unknown}
 j - 3 scrolls of remove curse {unknown}
 k - a scroll of noise {unknown}
 n - a scroll of random uselessness {unknown}
 o - 3 scrolls of fog {unknown}
 r - a scroll of magic mapping {unknown}
 s - 2 scrolls of enchant weapon {unknown}
 t - a scroll of immolation {unknown}
 u - a scroll of enchant armour {unknown}
 v - a scroll of amnesia {unknown}
Potions
 e - 2 potions of curing
 g - 2 potions of lignification {unknown}
 h - a potion of agility {unknown}
 l - a potion of heal wounds {unknown}
 m - 2 potions of flight {unknown}
 q - a potion of cancellation {unknown}
 w - a potion of degeneration {unknown}
Comestibles
 d - 13 rations


   Skills:
 + Level 3.9 Fighting
 - Level 1.7 Dodging
 + Level 3.7 Unarmed Combat
 + Level 4.0 Spellcasting
 * Level 4.1 Transmutations


You had 10 spell levels left.
You knew the following spells:

 Your Spells              Type           Power        Failure   Level  Hunger
a - Beastly Appendage     Tmut           ###...       3%          1    None
b - Sticks to Snakes      Tmut           ###.....     4%          2    ##.....

Your spell library contained the following spells:

 Spells                   Type           Power        Failure   Level  Hunger
 Spider Form              Tmut/Pois      #.........   22%         3    ###....
 Ice Form                 Ice/Tmut       #.......     58%         4    ####...
 Blade Hands              Tmut           ###.......   65%         5    ######.


Dungeon Overview and Level Annotations

Branches:
Dungeon (4/15)
 Temple: D:4-7

Altars:

Shops:
D:4 ?


Innate Abilities, Weirdness & Mutations

You are too large for most types of armour.
You have tough skin. (AC +1)


Message History

You see here 16 gold pieces.
An orc priest comes into view. It is wielding a +0 trident.
An orc opens the door.
Found 9 gold pieces.
You see here 16 gold pieces.
You now have 197 gold pieces (gained 16).
The orc priest invokes the aid of Beogh against you.
Beogh smites you!
The orc throws a boomerang.
The boomerang hits you but does no damage.
The weapon returns to the orc!
The orc priest invokes the aid of Beogh against you.
Beogh smites you!
The orc priest invokes the aid of Beogh against you.
Beogh smites you!
The orc priest calls down the wrath of Beogh upon you.
Beogh smites you!
* * * LOW HITPOINT WARNING * * *
The orc priest calls down the wrath of Beogh upon you.
Pain shoots through your body!
You die...

####### #########
.......##.......#
................###
.......#..........########
.#o#..o................#..
...o..o...................
.....#....................
.......#.##...............
.......#.@...........>....
.........#....##..........
..#...####....++..........
$..... +....##...###...#
..... ....# ... #....
...... ...... .#.##..
...... ...# .. .... ....


You could see 2 orc priests.

Vanquished Creatures
  A phantom (D:4)
  A bullfrog (D:4)
  A worker ant (D:4)
  A hound skeleton (D:4)
  2 gnolls
  4 adders
  5 worms
  2 dart slugs (D:3)
  A leopard gecko (D:3)
  2 giant cockroaches
  7 goblins
  5 hobgoblins (D:1)
  4 jackals (D:1)
  2 quokkas (D:3)
  5 bats
  6 frilled lizards
  3 kobolds
  10 rats
62 creatures vanquished.

Vanquished Creatures (collateral kills)
  A hound (D:4)
  2 gnolls (D:1)
  An adder (D:3)
4 creatures vanquished.

Grand Total: 66 creatures vanquished

Notes
Turn   | Place    | Note
-------+----------+-------------------------------------------
     0 | D:1      | Mrkan the Ogre Transmuter began the quest for the Orb.
     0 | D:1      | Reached XP level 1. HP: 19/19 MP: 3/3
   456 | D:1      | Reached XP level 2. HP: 19/28 MP: 3/5
  1082 | D:1      | Reached XP level 3. HP: 35/35 MP: 5/7
  1790 | D:2      | Learned a level 2 spell: Sticks to Snakes
  2495 | D:1      | Reached XP level 4. HP: 13/44 MP: 5/8
  4157 | D:3      | Reached XP level 5. HP: 46/52 MP: 9/9
  4188 | D:3      | Found a faded altar of an unknown god.
  5045 | D:4      | Noticed a phantom
  5062 | D:4      | Found Isesud's Magic Scroll Emporium.
  5382 | D:4      | Killed a phantom
  5382 | D:4      | Reached XP level 6. HP: 21/61 MP: 11/11
  6240 | D:4      | Killed from afar by an orc priest

Levels and vault maps discovered:
D:1:      lemuel_arrival_room, layout_basic
D:2:      layout_loops_corners, hangedman_decor_lopped
D:3:      layout_basic, first_ration, chequers_ecumenical_altar_simple
D:4:      layout_basic, serial_shops, shop

Skill      XL: |  1  2  3  4  5  6 |
---------------+-------------------+-----
Transmutations | 2 3 4 |  4.1
Fighting       | 2 3 |  3.9
Unarmed Combat | 3 |  3.7
Spellcasting   | 3 4 |  4.0
Dodging        | |  1.7

Action                   |  1- 3 |  4- 6 || total
-------------------------+-------+-------++-------
Melee: Unarmed           |   118 |   212 ||   330
       Kick              |    10 |    18 ||    28
       Headbutt          |     3 |     5 ||     8
       Punch             |       |     1 ||     1
 Cast: Beastly Appendage |    12 |    24 ||    36
       Sticks to Snakes  |     5 |    12 ||    17
  Use: Potion            |       |     2 ||     2
 Stab: Distracted        |       |     1 ||     1
  Eat: Chunk             |     5 |     9 ||    14
       Ration            |       |     1 ||     1
Armor: Robe              |    31 |    36 ||    67
Dodge: Dodged            |    70 |   116 ||   186
